 Dungeon Crawl Stone Soup version 0.30-a0-135-g630cfc4551 (webtiles) character file.

Game seed: 13904385617949411858

539 KennySheep the Spear-Bearer (level 7, 0/57 HPs)
             Began as a Meteoran Wanderer on Sept 21, 2022.
             Was an Initiate of Qazlal.
             Killed by divine providence
             ... invoked by an orc priest
              (11 damage)
             ... on level 5 of the Dungeon.
             The game lasted 00:09:36 (2516 turns).

KennySheep the Spear-Bearer (Meteoran Wanderer)     Turns: 2516, Time: 00:09:37

Health: 0/57       AC:  7    Str: 17    XL:     7   Next: 81%
Magic:  10/10      EV: 11    Int: 15    God:    Qazlal [......]
Gold:   69         SH:  0    Dex: 11    Spells: 8/8 levels left

rFire   . . .      SeeInvis .    a - +2 spear
rCold   . . .      Faith    .    (no shield)
rNeg    . . .      Spirit   .    b - +1 ring mail
rPois   .          Reflect  .    (no helmet)
rElec   .          Harm     .    (no cloak)
rCorr   +          Rampage  .    (no gloves)
Will    .....                    (no boots)
Stlth   ..........               (no amulet)
HPRegen 0.19/turn                q - ring of resist corrosion
MPRegen 0.12/turn                (no ring)

@: glowing
A: sense surroundings 1, otherworldly, glowing, explore regen
a: Renounce Religion


You were on level 5 of the Dungeon.
You worshipped Qazlal.
Qazlal was noncommittal.
You visited 1 branch of the dungeon, and saw 6 of its levels.

You collected 95 gold pieces.
You spent 26 gold pieces at shops.

Inventory:

Hand Weapons
 a - a +2 spear (weapon)
Armour
 b - a +1 ring mail (worn)
Jewellery
 j - a ring of flight
 l - a ring of wizardry
 m - a ring of ice
 q - a ring of resist corrosion (left hand)
Scrolls
 c - a scroll of blinking
 g - 2 scrolls of teleportation
 i - 2 scrolls of identify
 k - 2 scrolls of noise
Potions
 f - a potion of lignification {unknown}
 h - 2 potions of attraction
 n - a potion of might {unknown}
 s - a potion of flight {unknown}


   Skills:
 + Level 3.0 Fighting
 * Level 8.0 Polearms
 + Level 4.5 Armour
 + Level 3.4 Dodging
 - Level 1.3 Spellcasting
 - Level 2.4 Fire Magic
 + Level 3.2 Invocations


You had 8 spell levels left.
You didn't know any spells.
Your spell library contained the following spells:

 Spells                   Type           Power      Damage    Failure   Level
 Foxfire                  Conj/Fire      16%        2x1d4     26%         1
 Sandblast                Erth           2%         2d4       38%         1
 Slow                     Hex            4%         N/A       38%         1
 Passwall                 Tmut/Erth      0%         N/A       52%         2
 Ignite Poison            Fire/Tmut/Pois 3%         N/A       65%         3
 Confusing Touch          Hex            1%         N/A       77%         3
 Dazzling Flash           Conj/Hex       2%         N/A       77%         3
 Gell's Gravitas          Tloc           1%         N/A       77%         3
 Lesser Beckoning         Tloc           1%         N/A       77%         3
 Stone Arrow              Conj/Erth      2%         3d7       77%         3
 Teleport Other           Tloc           1%         N/A       77%         3
 Vampiric Draining        Necr           1%         2d6       77%         3
 Agony                    Necr           1%         N/A       100%        5
 Silence                  Hex/Air        0%         N/A       100%        5


Dungeon Overview and Level Annotations

Branches:
Dungeon (6/15) Zot: 1143
 Temple: D:4-7

Altars:
Dithmenos
Qazlal

Shops:
D:4 *

Annotations:
D:6 Maggie


Innate Abilities, Weirdness & Mutations

You passively map a small area around you.
You are easily found by Zot.
You glow in the dark.
You regain HP and MP as you explore.


Message History

The water moccasin hisses angrily.
As you read the scroll labelled TECUCAXUQO, it crumbles to dust.
You hear the tinkle of a tiny bell.
It was a scroll of butterflies.
The gnoll bouda barks out a call to the hunt!
The gnoll picks up the pace!
The water moccasin closely misses your butterfly.
You climb upwards.
Your summoned allies are left behind.
The orc closely misses you. x2; The orc misses you.
There is a stone staircase leading down here.
The orc hits you but does no damage. The orc hits you with a +0 short sword.
The orc hits you but does no damage. The orc attacks as you move away!
The orc closely misses you. The iguana attacks as you move away!
The iguana bites you.
You hit the orc. Your punch misses the orc.
The orc is almost dead.
The orc hits you with a +0 flail!
You puncture the orc!
You kill the orc!
Qazlal accepts your kill.
You reach to attack!
You hit the iguana.
The iguana is moderately wounded.
You closely miss the iguana.
The iguana is moderately wounded.
The iguana bites you!
* * * LOW HITPOINT WARNING * * *
You puncture the iguana!
The iguana is almost dead.
An orc priest comes into view. It is wielding a +0 whip.
The iguana barely misses you.
You hit the iguana.
You kill the iguana!
Qazlal accepts your kill.
Your Fighting skill increases to level 3!
You reach to attack!
You hit the orc.
The orc is almost dead.
You closely miss the orc.
The orc is almost dead.
The orc priest calls down the wrath of Beogh upon you.
Beogh smites you!
You die...

, , #.#.##..#.#.##.#* #.#
, #.#............. ,#.# ,
#.##...#..#.##...,#.#
#.........#.# #####.## *
####.#.#.##..,, ..#..# *
##### #.#.#.########.#.##
.....# #.#.#.. , ...#.#
......##.#.#########..#.#
,
.......o.oooo@....##..#.#
.......>..#######.##..#.#
..........# #.......#.#
..........# #.##.#....#
....###+### #.##.######
... * #.##.# , .. , ,*
#.##.# . * , #.##.# , * *
#.##.#


You could see an orc priest and 4 orcs.

Vanquished Creatures
  A black bear (D:4)
  A bullfrog (D:4)
  A scorpion (D:4)
  A necrophage (D:4)
  An orc priest (D:4)
  A hound (D:3)
  2 orc wizards (D:3)
  2 iguanas
  3 adders
  A white imp (D:4)
  2 worms (D:3)
  10 orcs
  8 ball pythons
  A bat (D:3)
  5 endoplasms
  3 giant cockroaches
  5 goblins
  4 hobgoblins
  2 jackals (D:4)
  2 quokkas (D:1)
  6 kobolds
  3 rats
65 creatures vanquished.

Notes
Turn   | Place    | Note
-------+----------+-------------------------------------------
     0 | D:1      | KennySheep the Meteoran Wanderer began the quest for the
                  | Orb.
     0 | D:1      | KennySheep set off with the following items: a +2 spear, a
                  | +0 ring mail, a scroll of blinking; and the following spell
                  | memorised: Foxfire; and the following spells available to
                  | memorise: Ignite Poison.
     0 | D:1      | Reached XP level 1. HP: 14/14 MP: 3/3
    76 | D:1      | Reached XP level 2. HP: 22/22 MP: 5/5
   332 | D:1      | Reached skill level 1 in Dodging
   335 | D:1      | Reached XP level 3. HP: 26/27 MP: 6/6
   446 | D:1      | Found a faded altar of an unknown god.
   510 | D:1      | Glimpsed the power of Zot.
   558 | D:1      | Reached skill level 1 in Fighting
   560 | D:1      | Glimpsed the power of Zot.
  1258 | D:3      | Reached XP level 4. HP: 32/35 MP: 7/7
  1377 | D:3      | Found a shadowy altar of Dithmenos.
  1387 | D:3      | Found a stormy altar of Qazlal.
  1391 | D:3      | Became a worshipper of Qazlal Stormbringer
  1555 | D:3      | Reached skill level 1 in Invocations
  1555 | D:3      | Reached XP level 5. HP: 4/41 MP: 8/8
  1560 | D:3      | HP: 3/61 [orc wizard/+0 dagger (2)]
  1727 | D:3      | Glimpsed the power of Zot.
  1762 | D:3      | Reached skill level 7 in Polearms
  1770 | D:4      | Noticed a bullfrog
  1783 | D:4      | Killed a bullfrog
  1784 | D:4      | Reached XP level 6. HP: 25/48 MP: 9/9
  1871 | D:4      | Reached XP level 7. HP: 47/56 MP: 10/10
  2019 | D:4      | Found Fuoxt's Assorted Antiques.
  2042 | D:4      | Reached skill level 8 in Polearms
  2050 | D:4      | Bought a scroll labelled TECUCAXUQO for 26 gold pieces
  2056 | D:4      | Reached * piety under Qazlal
  2358 | D:4      | Glimpsed the power of Zot.
  2408 | D:4      | Glimpsed the power of Zot.
  2423 | D:5      | Entered Level 5 of the Dungeon
  2498 | D:6      | Noticed a water moccasin
  2501 | D:6      | Noticed Maggie
  2516 | D:5      | Killed from afar by an orc priest

Illustrated notes

Levels and vault maps discovered:
D:1:      dpeg_arrival_shelter, layout_loops_corners,
          ebering_ecumenical_altar_box, minmay_cut_off
D:2:      layout_basic, serial_shops, nicolae_diamond_shop
D:3:      layout_loops_cross, minitemple
D:4:      black_bear_nest_2, layout_cave_pools, yredelemnul_altar_generic,
          serial_shops, shop, chequers_serial_rivers_micro_b
D:5:      layout_basic, minmay_temple_entry_steel_oval, uniq_menkaure
D:6:      layout_rooms, nicolae_ossuary_entry_monument, uniq_maggie, uniq_pikel

Skill      XL: |  1  2  3  4  5  6  7 |
---------------+----------------------+-----
Dodging        | 1 2 3 |  3.4
Fighting       | 1 2 3 |  3.0
Armour         | 3 4 |  4.5
Invocations    | 1 2 3 |  3.2
Polearms       | 7 8 |  8.0
Spellcasting   | |  1.3
Fire Magic     | |  2.4

Action                   |  1- 3 |  4- 6 |  7- 9 || total
-------------------------+-------+-------+-------++-------
Melee: Spear             |   104 |   130 |    58 ||   292
       Punch             |     1 |     1 |       ||     2
  Use: Potion            |       |     2 |       ||     2
       Scroll            |       |       |     7 ||     7
Armor: Ring mail         |    20 |    32 |     9 ||    61
Dodge: Dodged            |    28 |    36 |    21 ||    85

Table legend: (Time is in decaauts)
 A = Elapsed time spent in this place.
 B = Non-inter-level travel time spent in this place.
 C = Inter-level travel time spent in this place.
 D = Time resting spent in this place.
 E = Time spent auto-exploring this place.
 F = Levels seen in this place.
 G = Mean time per level.
                   A        B        C        D        E       F      G
               +--------+--------+--------+--------+--------+-----+--------+
         Total |   2455 |   2327 |    128 |    453 |   1269 |   6 |  409.2 |
       Dungeon |   2455 |   2327 |    128 |    453 |   1269 |   6 |  409.2 |
               +--------+--------+--------+--------+--------+-----+--------+

Top non-repeatable levels by time:
     D:1: 987 daAuts
     D:4: 629 daAuts
     D:3: 512 daAuts
     D:2: 234 daAuts
     D:5: 83 daAuts
     D:6: 7 daAuts
